 Dungeon Crawl Stone Soup version 0.26.1-11-gd32895ea62 (webtiles) character file.

Game seed: 17456573187057830765

47 Tocho the Skirmisher (level 3, -1/29 HPs)
             Began as a Demonspawn Abyssal Knight on June 16, 2021.
             Was a Follower of Lugonu.
             Slain by a worm (7 damage)
             ... on level 2 of the Dungeon.
             The game lasted 00:02:28 (1573 turns).

Tocho the Skirmisher (Demonspawn Abyssal Knight)    Turns: 1573, Time: 00:02:29

Health: -1/29      AC:  3    Str: 10 (13) XL:     3   Next: 48%
Magic:  5/5        EV: 11    Int: 10 (13) God:    Lugonu [*.....]
Gold:   120        SH:  0    Dex:  9 (12) Spells: 2/2 levels left

rFire    . . .     SeeInvis .   a - +1 falchion
rCold    . . .     Faith    .   (no shield)
rNeg     . . .     Spirit   .   b - +0 leather armour
rPois    .         Reflect  .   (no helmet)
rElec    .         Harm     .   (no cloak)
rCorr    .         Rampage  .   (no gloves)
Will     .....                  (no boots)
Stlth    +.........             (no amulet)
HPRegen  0.09/turn              (no ring)
MPRegen  0.09/turn              (no ring)

@: no status effects
A: powered by pain 2
a: Renounce Religion, Depart the Abyss


You were on level 2 of the Dungeon.
You worshipped Lugonu.
Lugonu was aware of your devotion.
You visited 1 branch of the dungeon, and saw 2 of its levels.
You visited the Abyss 1 time.

You collected 120 gold pieces.

Inventory:

Hand Weapons
 a - a +1 falchion (weapon)
Armour
 b - a +0 leather armour (worn)
Jewellery
 i - a +6 ring of dexterity {unknown}
Scrolls
 c - 3 scrolls of identify {unknown}
 f - 2 scrolls of teleportation {unknown}
 g - a scroll of enchant weapon {unknown}
 h - a scroll of amnesia {unknown}
Potions
 d - a potion of degeneration


   Skills:
 + Level 3.6 Fighting
 + Level 2.2 Long Blades
 + Level 2.3 Armour
 + Level 1.0 Dodging
 + Level 0.1 Stealth
 + Level 2.8 Invocations


You had 2 spell levels left.
You didn't know any spells.
Your spell library was empty.

Dungeon Overview and Level Annotations

Branches:
Dungeon (2/15)

Altars:

Annotations:
D:2 Jessica


Innate Abilities, Weirdness & Mutations

You sometimes gain power by taking damage.


Message History

You hit the worm.
The worm is almost dead.
The worm completely misses you.
You riposte.
You hit the worm.
The worm is almost dead.
You hit the worm.
You kill the worm!
Lugonu accepts your kill.
Your Dodging skill increases to level 1!
Jessica mumbles some strange words.
Jessica blinks!
The worm closely misses you.
You riposte.
You slash the worm!
The worm is heavily wounded.
You barely miss the worm.
The worm is heavily wounded.
The worm misses you.
You hit the worm.
The worm is severely wounded.
You barely miss the worm.
The worm is severely wounded.
Jessica is no longer moving quickly.
The worm bites you!
You die...

#####..##.#
#.........#
#.####..###
#.####..#
.........#
#.######.# #@# #w#
#@# #.#
#.############
####.............
........†....###.#
############.# #.#
#.###.######
#.#.........
########.#.#.######


You could see a worm and Jessica.

Vanquished Creatures
  An ooze (D:2)
  A worm (D:2)
  A dart slug (D:2)
  4 bats
  2 giant cockroaches (D:1)
  5 goblins
  4 hobgoblins
  6 jackals
  2 kobolds (D:1)
  A ball python (D:1)
  8 rats (D:1)
35 creatures vanquished.

Notes
Turn   | Place    | Note
-------+----------+-------------------------------------------
     0 | Abyss:1  | Tocho the Demonspawn Abyssal Knight began the quest for the
                  | Orb.
     0 | Abyss:1  | Reached XP level 1. HP: 18/18 MP: 2/2
    85 | Abyss:1  | Found a hazy altar of Hepliaklqana.
   105 | Abyss:1  | Noticed a small abomination
   134 | Abyss:1  | Noticed a small abomination
   156 | D:1      | Escaped the Abyss
   452 | D:1      | Gained mutation: You sometimes gain a little power by
                  | taking damage. [demonic ancestry]
   452 | D:1      | Reached XP level 2. HP: 21/24 MP: 4/4
   659 | D:1      | Reached * piety under Lugonu
  1272 | D:2      | Gained mutation: You sometimes gain power by taking damage.
                  | [demonic ancestry]
  1272 | D:2      | Reached XP level 3. HP: 22/29 MP: 5/5
  1514 | D:2      | Noticed Jessica
  1570 | D:2      | Reached skill level 1 in Dodging
  1573 | D:2      | Slain by a worm

Illustrated notes

Levels and vault maps discovered:
D:1:      lightli_iron_boxes, layout_loops_ring, grunt_decor_resistance,
          minmay_3d_cube
D:2:      layout_loops_ring, eat_drink_and_be_merry_uskayaw, uniq_terence,
          uniq_jessica, uniq_crazy_yiuf_cottage, uniq_sigmund

Skill      XL: |  1  2  3 |
---------------+----------+-----
Armour         | 2 |  2.3
Long Blades    | 2 |  2.2
Dodging        | 1 |  1.0
Fighting       | |  3.6
Stealth        | |  0.1
Invocations    | |  2.8

Action                   || total
-------------------------++-------
Melee: Falchion          ||    96
Invok: Depart the Abyss  ||     1
  Use: Potion            ||     2
 Stab: Sleeping          ||     1
Armor: Leather armour    ||    28
Dodge: Dodged            ||    60
       Rpst.: Falchion   ||    19
